 Dungeon Crawl Stone Soup version 0.30-a0-840-ga523dec638 (webtiles) character file.

Game seed: 10359396453738584519

2435 Pimp the Protected (level 9, -1/82 HPs)
             Began as an Armataur Fighter on Mar 1, 2023.
             Was a Believer of Okawaru.
             Slain by a killer bee (6 damage)
             ... on level 7 of the Dungeon.
             The game lasted 00:12:04 (7295 turns).

Pimp the Protected (Armataur Fighter)               Turns: 7295, Time: 00:12:05

Health: -1/82      AC: 11    Str: 25    XL:     9   Next: 24%
Magic:  9/9        EV:  5    Int:  8    God:    Okawaru [**....]
Gold:   258        SH: 10    Dex: 11    Spells: 8/8 levels left

rFire   + . .      SeeInvis .    a - +1 war axe
rCold   + . .      Faith    .    u - +0 kite shield
rNeg    . . .      Spirit   .    l - +0 chain mail
rPois   +          Reflect  .    v - +0 helmet
rElec   +          Harm     .    k - scarf {repulsion}
rCorr   +          Roll     +    (no gloves)
Will    .....                    (no barding) Stlth
                                 (no amulet)
HPRegen 0.33/turn                (no ring)
MPRegen 0.11/turn                (no ring)

@: lethally poisoned (-1 -> -3), resistant, on berserk cooldown, slowed,
invisible, repel missiles, very slow
A: large, rugged brown scales 3, deformed body, armoured tail, roll, long
tongue, awkward tongue
a: Renounce Religion, Heroism


You were on level 7 of the Dungeon.
You worshipped Okawaru.
Okawaru was pleased with you.
You visited 2 branches of the dungeon, and saw 8 of its levels.

You collected 258 gold pieces.

Inventory:

Hand Weapons
 a - a +1 war axe (weapon)
Missiles
 i - 2 throwing nets (quivered)
Armour
 b - a +0 scale mail
 c - a +0 buckler
 k - a scarf of repulsion (worn)
 l - a +0 chain mail (worn)
 u - a +0 kite shield (worn)
 v - a +0 helmet (worn)
Jewellery
 j - a ring of ice
Wands
 g - a wand of flame (8)
 q - a wand of polymorph (9)
Scrolls
 e - 3 scrolls of identify
 f - a scroll of blinking {unknown}
 h - 3 scrolls of fear {unknown}
 n - a scroll of enchant armour {unknown}
 p - a scroll of amnesia {unknown}
 w - a scroll of enchant weapon
 x - a scroll of teleportation
 y - a scroll of torment
Potions
 d - a potion of might
 r - 2 potions of attraction
 t - a potion of mutation {unknown}
 z - a potion of berserk rage


   Skills:
 + Level 6.3 Fighting
 + Level 5.4 Axes
 + Level 8.3 Armour
 + Level 7.5 Shields


You had 8 spell levels left.
You didn't know any spells.
Your spell library contained the following spells:

 Spells                   Type           Power      Damage    Failure   Level
 Kiss of Death            Conj/Necr      0%         2d5       99%         1
 Shock                    Conj/Air       0%         1d3       99%         1
 Confusing Touch          Hex            0%         N/A       100%        3
 Swiftness                Air            0%         N/A       100%        3
 Airstrike                Air            0%         2d(0-16)  100%        4
 Dispel Undead            Necr           0%         3d6       100%        4
 Summon Small Mammal      Summ           Unusable   N/A       N/A         1
 Call Canine Familiar     Summ           Unusable   N/A       N/A         3
 Dragon's Call            Summ           Unusable   N/A       N/A         9

Dungeon Overview and Level Annotations

Branches:
Dungeon (7/15)             Temple (1/1) D:4

Altars:
Ashenzari
Cheibriados
Dithmenos
Elyvilon
Gozag
Hepliaklqana
Kikubaaqudgha
Makhleb
Nemelex Xobeh
Okawaru
Qazlal
Ru
Sif Muna
Trog
Uskayaw
Vehumet
Xom
Yredelemnul
The Shining One

Shops:
D:4 :

Portals:
Abyss: D:4

Annotations:
D:4 2 transporters, GiantSquids's ghost, amateur GnMo


Innate Abilities, Weirdness & Mutations

You are completely covered in rugged brown scales. (AC +3, +7% HP)
Armour fits poorly on your strangely shaped body.
You have a long armoured tail.
You roll when moving toward enemies. (Rampage)
Your long tongue fully drains potion bottles. (2x potion effects)
Your tongue gives you trouble enunciating. (1.5x scroll delay)


Message History

The killer bee stings you but does no damage.
You block the killer bee's attack.
The killer bee buzzes angrily. x2; You hear an angry buzzing noise.
The killer bee buzzes angrily. x2; You hear an angry buzzing noise.
The killer bee buzzes angrily. x2
The killer bee buzzes angrily. x2
The killer bee buzzes angrily. x2
You block the killer bee's attack. The killer bee stings you.
* * * LOW HITPOINT WARNING * * *
You block the killer bee's attack. The killer bee completely misses you.
You slurp down every last drop of the potion of curing!
You feel better.
The killer bee buzzes angrily.
The killer bee stings you.
The killer bee stings you but does no damage.
The killer bee stings you.
* * * LOW HITPOINT WARNING * * *
You are poisoned.
The killer bee poisons you!
You slurp down every last drop of the fuming green potion!
It was a potion of resistance.
You feel protected.
You feel very sick.
The killer bee buzzes angrily.
The killer bee stings you but does no damage.
You barely miss the killer bee.
You feel sick.
The killer bee buzzes angrily. x2
The killer bee stings you but does no damage.
The killer bee stings you.
* * * LOW HITPOINT WARNING * * *
The killer bee stings you but does no damage. x2
The killer bee barely misses you.
You slurp down every last drop of the potion of resistance!
You feel protected.
You feel sick.
The killer bee buzzes angrily.
The killer bee stings you.
* * * LOW HITPOINT WARNING * * *
The killer bee stings you.
You die...

... ##......
#....... #.......
##.......
#####........
########............
#..@yy..........y...
#..yyyy.###.........
#.####### #.y.......
#. #...####.. #
#######.y. ##.....
##....## ##...#...
###...#....


You could see 6 killer bees.

Vanquished Creatures
  A troll (D:7)
  Eustachio (D:4)
  3 ice beasts
  A sky beast (D:7)
  2 black bears
  A phantom (D:5)
  A necrophage (D:5)
  Blork the orc (D:5)
  4 scorpions
  3 wights (D:6)
  The ghost of hikkokomori the Chopper, a weakling HORe (D:3)
  A howler monkey (D:6)
  4 jellies
  A gnoll bouda (D:5)
  2 hounds
  Crazy Yiuf (D:2)
  An orc priest (D:4)
  8 iguanas
  Ijyb (D:3)
  Natasha (D:2)
  Terence (D:2)
  2 orc wizards (D:4)
  Robin (D:3)
  7 gnolls
  6 adders
  A white imp (D:6)
  An ufetubus (D:6)
  3 worms
  A dart slug (D:2)
  19 orcs
  4 bats
  5 endoplasms
  3 giant cockroaches
  12 goblins
  8 hobgoblins
  4 kobolds
  3 quokkas
  5 ball pythons
  9 rats
134 creatures vanquished.

Vanquished Creatures (others)
  2 fungi (D:2)
  12 plants (D:1)
14 creatures vanquished.

Grand Total: 148 creatures vanquished

Notes
Turn   | Place    | Note
-------+----------+-------------------------------------------
     0 | D:1      | Pimp the Armataur Fighter began the quest for the Orb.
     0 | D:1      | Reached XP level 1. HP: 19/19 MP: 1/1
   215 | D:1      | Reached XP level 2. HP: 26/26 MP: 2/2
   620 | D:1      | Reached skill level 4 in Armour
   893 | D:2      | Noticed Natasha
   899 | D:2      | Killed Natasha
   900 | D:2      | Reached XP level 3. HP: 28/33 MP: 3/3
   917 | D:2      | Got Dispater's Codex of the Escort
  1103 | D:2      | Noticed Terence
  1112 | D:2      | Killed Terence
  1113 | D:2      | Reached XP level 4. HP: 27/40 MP: 4/4
  1762 | D:2      | Found a faded altar of an unknown god.
  2098 | D:2      | Found a runed translucent door.
  2099 | D:2      | Noticed Crazy Yiuf
  2107 | D:2      | Killed Crazy Yiuf
  2195 | D:3      | Noticed Robin
  2195 | D:3      | Noticed Ijyb
  2208 | D:3      | Reached XP level 5. HP: 25/48 MP: 5/5
  2218 | D:3      | Killed Robin
  2220 | D:3      | Killed Ijyb
  2490 | D:3      | Found a large runed translucent door.
  2490 | D:3      | Found a large runed translucent door.
  2494 | D:3      | Noticed hikkokomori's ghost (weakling HORe)
  2595 | D:3      | Reached skill level 5 in Armour
  2970 | D:3      | Killed hikkokomori's ghost
  3045 | D:4      | Found a transporter.
  3052 | D:4      | Noticed a small abomination
  3054 | D:4      | Noticed Eustachio
  3394 | D:4      | Killed Eustachio
  3395 | D:4      | Reached XP level 6. HP: 20/55 MP: 6/6
  3683 | D:4      | Found Mijosazu's Tremendous Tomes.
  3688 | D:4      | Reached skill level 5 in Shields
  3751 | D:4      | Reached XP level 7. HP: 60/63 MP: 7/7
  3815 | D:4      | Found a broken altar of Ashenzari.
  3836 | D:4      | Reached skill level 6 in Armour
  4129 | D:4      | Found a staircase to the Ecumenical Temple.
  4141 | D:4      | Found a transporter.
  4159 | Temple   | Entered the Ecumenical Temple
  4437 | Temple   | Became a worshipper of Warmaster Okawaru
  4600 | D:4      | Noticed GiantSquids's ghost (amateur GnMo)
  4618 | D:4      | Found a one-way gate to the infinite horrors of the Abyss.
  4893 | D:5      | Entered Level 5 of the Dungeon
  5067 | D:5      | Reached XP level 8. HP: 71/71 MP: 8/8
  5098 | D:5      | Reached skill level 5 in Fighting
  5239 | D:5      | Reached * piety under Okawaru
  5286 | D:5      | Reached skill level 7 in Armour
  5829 | D:5      | Noticed Blork the orc
  5833 | D:5      | Killed Blork the orc
  6156 | D:6      | Reached ** piety under Okawaru
  6157 | D:6      | Reached skill level 5 in Axes
  6382 | D:6      | Reached skill level 8 in Armour
  6382 | D:6      | Reached XP level 9. HP: 80/80 MP: 9/9
  7244 | D:7      | Noticed a troll
  7266 | D:7      | Killed a troll
  7295 | D:7      | Slain by a killer bee

Illustrated notes

Levels and vault maps discovered:
D:1:      dpeg_arrival_tiny_f, layout_loops_ring, grunt_decor_mini_mirrors,
          serial_bayou_lagoon_a, chequers_decorated_corner, minmay_pentomino_p4
D:2:      layout_basic, shapermc_ecumenical_altar_ellora, uniq_terence,
          uniq_crazy_yiuf_cottage, uniq_natasha
D:3:      layout_loops_ring, ebering_ghost_disaster_area,
          chequers_serial_rivers_small_3, nicolae_goblin_pals
D:4:      layout_loops_ring, evilmike_ruin_ashenzari, temple_green,
          gammafunk_ghost_abyssal_escape, minmay_misc_feat_rows,
          nicolae_shop_i_like_big_books, st_stairs_8, uniq_eustachio
D:5:      layout_basic, uniq_blork_the_orc
D:6:      layout_basic, grunt_ministairs_12
D:7:      layout_cave_pods, gammafunk_ghost_split, minmay_crossroads
Temple:   mainiacjoe_temple_big_plus

Skill      XL: |  1  2  3  4  5  6  7  8 |
---------------+-------------------------+-----
Armour         | 4 5 6 8 |  8.3
Fighting       | 3 4 6 |  6.3
Axes           | 2 3 4 5 |  5.4
Shields        | 4 5 6 7 |  7.5

Action                     |  1- 3 |  4- 6 |  7- 9 || total
---------------------------+-------+-------+-------++-------
  Melee: War axe           |    77 |   164 |   255 ||   496
         Tailslap          |     7 |    17 |    40 ||    64
    Use: Potion            |       |    12 |     9 ||    21
         Scroll            |       |    11 |       ||    11
 Armour: Scale mail        |     9 |       |       ||     9
         Chain mail        |    28 |   190 |   135 ||   353
  Dodge: Dodged            |    21 |    55 |    56 ||   132
  Block: Buckler           |    14 |     1 |       ||    15
         Kite shield       |       |   111 |   127 ||   238

Table legend: (Time is in decaauts)
 A = Elapsed time spent in this place.
 B = Non-inter-level travel time spent in this place.
 C = Inter-level travel time spent in this place.
 D = Time resting spent in this place.
 E = Time spent auto-exploring this place.
 F = Levels seen in this place.
 G = Mean time per level.
                   A        B        C        D        E       F      G
               +--------+--------+--------+--------+--------+-----+--------+
         Total |   7509 |   7291 |    218 |   1264 |   4615 |   8 |  938.6 |
       Dungeon |   7209 |   7022 |    187 |   1264 |   4353 |   7 | 1029.9 |
        Temple |    300 |    269 |     31 |      0 |    262 |   1 |  300.0 |
               +--------+--------+--------+--------+--------+-----+--------+

Top non-repeatable levels by time:
     D:4: 1302 daAuts
     D:5: 1282 daAuts
     D:2: 1276 daAuts
     D:3: 1238 daAuts
     D:6: 1061 daAuts
     D:1: 909 daAuts
  Temple: 300 daAuts
     D:7: 138 daAuts
